 Dungeon Crawl Stone Soup version 0.30.0-10-gfe55d96785 (webtiles) character file.

Game seed: 9419812104544073667

19847 Kenran the Severer (level 12, -12/78 HPs)
             Began as a Gargoyle Monk on May 14, 2023.
             Was a High Priest of Okawaru.
             Mangled by an anaconda simulacrum (25 damage)
             ... in an ice cave.
             The game lasted 00:22:03 (12716 turns).

Kenran the Severer (Gargoyle Monk)                 Turns: 12716, Time: 00:22:04

Health: -12/78     AC: 23    Str: 25    XL:     12   Next: 73%
Magic:  16/16      EV:  9    Int: 12    God:    Okawaru [*****.]
Gold:   577        SH:  0    Dex: 12    Spells: 11/11 levels left

rFire   + . .        a - +7 battleaxe of the Riding Jester {freeze, *Corrode Fly rF+ Will+ Str+3}
rCold   . . .        (shield currently unavailable)
rNeg    + . .        N - +0 plate armour
rPois   ∞            P - +2 hat
rElec   +            q - +0 cloak
rCorr   .            S - +0 pair of gloves of Card Tricks {Fly Will+ Str+3}
SInv    +            (no boots)
Will    ++...        (no amulet) Stlth
                     n - +5 ring of evasion
HPRegen 0.33/turn    y - ring of see invisible
MPRegen 0.15/turn

%: corrode self (3%)
@: flying, constricted
A: sickness immunity, AC +8, negative energy resistance 1, electricity
resistance, torment resistance 1, petrification resistance
a: Renounce Religion, Heroism, Finesse, Duel


You were in an ice cave.
You worshipped Okawaru.
Okawaru was extremely pleased with you.
You visited 2 branches of the dungeon, and saw 12 of its levels.
You also visited: Ossuary and Ice Cave.

You collected 577 gold pieces.

Inventory:

Hand Weapons
 a - the +7 battleaxe of the Riding Jester (weapon) {freeze, *Corrode Fly rF+ Will+ Str+3}
   (Okawaru gifted it to you on level 10 of the Dungeon)

   Str:       It affects your strength (+3).
   rF:        It protects you from fire.
   Fly:       It grants you flight.
   *Corrode:  It may corrode you when you take damage.
   Will:      It increases your willpower.
 b - a +2 battleaxe of flaming
Missiles
 u - 3 throwing nets (quivered)
Armour
 d - an orb of light
 q - a +0 cloak (worn)
 x - a +0 buckler of fire resistance
 N - a +0 plate armour (worn)
 P - a +2 hat (worn)
 S - the +0 pair of gloves of Card Tricks (worn) {Fly Will+ Str+3}
   (Okawaru gifted it to you in an ice cave)

   Str:       It affects your strength (+3).
   Fly:       It grants you flight.
   Will:      It increases your willpower.
Jewellery
 n - a +5 ring of evasion (left hand)
 y - a ring of see invisible (right hand)
 B - a ring of flight
Wands
 E - a wand of flame (45)
 H - a wand of light (11)
 L - a wand of mindburst (19)
 Q - a wand of paralysis (5)
 R - a wand of polymorph (4)
Scrolls
 h - a scroll of summoning
 i - 5 scrolls of silence
 j - 12 scrolls of teleportation
 k - a scroll of brand weapon
 l - 3 scrolls of fear
 m - 2 scrolls of amnesia {unknown}
 p - a scroll of magic mapping {unknown}
 s - 8 scrolls of blinking
 w - a scroll of torment {!r}
 A - 2 scrolls of vulnerability {!r}
 C - a scroll of enchant armour {unknown}
 D - 2 scrolls of immolation {!r}
 I - 2 scrolls of fog {unknown}
 M - 2 scrolls of poison
 O - a scroll of enchant weapon
Potions
 c - 10 potions of ambrosia
 e - a potion of resistance {unknown}
 f - 3 potions of mutation {!q}
 o - a potion of cancellation {unknown}
 r - 2 potions of degeneration {unknown}
 t - a potion of invisibility {unknown}
 v - 4 potions of flight
 z - 5 potions of might {unknown}
 F - 3 potions of attraction {unknown}
 G - a potion of curing {@q1}
 K - 2 potions of brilliance {unknown}
Miscellaneous
 J - a piece from Xom's chessboard (15/15)


   Skills:
 + Level 10.5 Fighting
 - Level 16.0 Axes
 - Level 2.0 Armour
 - Level 2.4 Dodging
 - Level 6.0 Invocations
 - Level 3.0 Evocations


You had 11 spell levels left.
You didn't know any spells.
Your spell library contained the following spells:

 Spells                   Type           Power      Damage    Failure   Level
 Apportation              Tloc           0%         N/A       99%         1
 Magic Dart               Conj           0%         1d3       99%         1
 Blink                    Tloc           0%         N/A       100%        2
 Lesser Beckoning         Tloc           0%         N/A       100%        2
 Momentum Strike          Conj/Tloc      0%         3d8       100%        2
 Searing Ray              Conj           0%         2d4       100%        2
 Dazzling Flash           Conj/Hex       0%         N/A       100%        3
 Ozocubu's Armour         Ice            0%         N/A       100%        3
 Portal Projectile        Hex/Tloc       0%         N/A       100%        3
 Vhi's Electric Charge    Tloc/Air       0%         N/A       100%        3
 Fulminant Prism          Conj/Hex       0%         3d5       100%        4
 Passage of Golubria      Tloc           0%         N/A       100%        4
 Agony                    Necr           0%         N/A       100%        5
 Alistair's Intoxication  Tmut/Pois      0%         N/A       100%        5
 Arcjolt                  Conj/Air       0%         1d10      100%        5
 Blade Hands              Tmut           0%         N/A       100%        5
 Metabolic Englaciation   Hex/Ice        0%         N/A       100%        5
 Silence                  Hex/Air        0%         N/A       100%        5
 Plasma Beam              Fire/Air       0%         2x1d11    100%        6
 Storm Form               Tmut/Air       0%         N/A       100%        7
 Lehudib's Crystal Spear  Conj/Erth      0%         10d2      100%        8
 Maxwell's Capacitive Co  Air            0%         ∞         100%        8
 Tukima's Dance           Hex            Unusable   N/A       N/A         3
 Summon Lightning Spire   Summ/Air       Unusable   N/A       N/A         4
 Simulacrum               Ice/Necr       Unusable   N/A       N/A         6

Dungeon Overview and Level Annotations

Branches:
Dungeon (11/15)            Temple (0/1) D:5            Lair (1/5) D:8
    Orc (0/2) D:10        Ossuary (visited)           IceCv (1/1)

Altars:
Cheibriados
Elyvilon
Kikubaaqudgha
Nemelex Xobeh
Okawaru
Qazlal
Yredelemnul
The Shining One

Shops:
D:7 :

Portals:
Abyss: D:8

Annotations:
D:2 exclusion: downstairs
D:3 exclusion: downstairs
D:4 1 runed translucent door, Crazy Yiuf
D:7 exclusion: downstairs
D:8 2 transporters


Innate Abilities, Weirdness & Mutations

You are immune to sickness and miasma.
Your stone body is resilient. (AC +8)
You are immune to poison.
You resist negative energy. (rN+)
You are resistant to electric shocks. (rElec)
You are resistant to unholy torment.
You are immune to petrification.


Message History

You see here the +0 pair of gloves of Card Tricks {Fly Will+ Str+3}.
S - the +0 pair of gloves of Card Tricks {Fly Will+ Str+3} You start removing your armour.
You continue taking off your +0 pair of gloves. x4
You finish taking off your +0 pair of gloves.
You start putting on your armour.
You continue putting on the +0 pair of gloves of Card Tricks {Fly Will+ Str+3}. x5
You finish putting on the +0 pair of gloves of Card Tricks {Fly Will+ Str+3}.
You feel stronger.
You feel rather light.
Unknown command.
Unknown command.
You drop a +0 pair of gloves.
You start resting.
HP restored.
You are engulfed in freezing vapours.
A white imp, an anaconda simulacrum and a dire elephant simulacrum come into view.
The white imp shouts, "Slither away, thou lumpish doghearted gonus!"
You are engulfed in freezing vapours.
You see here a +0 pair of gloves.
The cane toad simulacrum attacks as you move away!
The cane toad simulacrum hits you. The cane toad simulacrum freezes you!
The anaconda simulacrum grabs you.
The anaconda simulacrum barely misses you.
The anaconda simulacrum constricts you.
You slice the anaconda simulacrum!!
The anaconda simulacrum is heavily damaged.
The anaconda simulacrum bites you but does no damage.
The anaconda simulacrum constricts you.
You closely miss the anaconda simulacrum.
The anaconda simulacrum is heavily damaged.
You slice the cane toad simulacrum!!
The anaconda simulacrum closely misses you.
The anaconda simulacrum constricts you. The cane toad simulacrum hits you.
The cane toad simulacrum freezes you!
* * * LOW HITPOINT WARNING * * *
The anaconda simulacrum bites you.
* * * LOW HITPOINT WARNING * * *
The anaconda simulacrum freezes you!!
You die...

# #..##
#.##..####
..#..#..#..##
#.§°.....#...##
..##..#○#.......#
..#..###...##..##
....# #..###...#
#§§.# ##.# ##..#
#..§# #.. #@.#
#.#.# ... ##ZZ#
###.§☼## ...
#..##
#.§..§.##)..##..#
#.....#Z.## #..##
.....###§.## #..#
...Z. #§Z.###[##
.... ##☼§#..##
..5. ##☼.○.#


You could see an anaconda simulacrum and a cane toad simulacrum.

Vanquished Creatures
  A boulder beetle (D:11)
  Erica (Lair:1)
  2 two-headed ogres
  Nergalle (D:8)
  A manticore (D:11)
  An ugly thing (D:11)
  2 ice statues (IceCv)
  A black mamba (Lair:1)
  A cane toad (Lair:1)
  An unseen horror (D:11)
  A komodo dragon (D:11)
  4 ice devils (IceCv)
  A tengu conjurer (D:11)
  3 trolls
  A queen bee (D:8)
  2 hornets
  A dire elephant simulacrum (IceCv)
  33 yaks
  A wraith (D:10)
  A basilisk (D:9)
  3 wyverns (D:9)
  5 vampire mosquitoes
  Edmund (D:4)
  2 wargs (D:8)
  3 water moccasins
  3 orc warriors
  A black bear (D:6)
  A sky beast (D:8)
  5 centaurs
  A kobold brigand (D:8)
  5 scorpions
  10 bullfrogs
  A cane toad simulacrum (IceCv)
  2 two-headed ogre simulacra (IceCv)
  3 wights
  29 killer bees
  7 howler monkeys
  5 hounds
  A jelly (D:4)
  3 gnoll boudas
  6 orc priests
  8 orc wizards
  Natasha (thrice) (D:4)
  2 iguanas
  2 polar bear simulacra (IceCv)
  2 spriggan simulacra (IceCv)
  3 troll simulacra (IceCv)
  A mummy (Ossuary)
  19 gnolls
  8 adders
  2 naga simulacra (IceCv)
  3 white imps
  4 ufetubi
  A worm (D:5)
  5 dart slugs
  34 orcs
  4 spectral bats (Ossuary)
  5 ball pythons
  6 bats
  4 endoplasms
  6 giant cockroaches
  12 gnoll zombies (Ossuary)
  10 goblins
  8 hobgoblins
  4 jackals (D:3)
  9 kobolds
  2 quokkas (D:1)
  3 bat simulacra (Ossuary)
  2 frilled lizards
  8 goblin simulacra (Ossuary)
  9 goblin zombies
  4 hobgoblin zombies (Ossuary)
  4 kobold simulacra (Ossuary)
  2 kobold zombies (Ossuary)
  5 orc zombies (Ossuary)
  4 rats
  4 rat simulacra (Ossuary)
  6 spectral goblins (Ossuary)
  5 spectral kobolds (Ossuary)
  A spectral orc (D:4)
381 creatures vanquished.

Vanquished Creatures (others)
  An ufetubus (IceCv)
1 creature vanquished.

Grand Total: 382 creatures vanquished

Notes
Turn   | Place    | Note
-------+----------+-------------------------------------------
     0 | D:1      | Kenran the Gargoyle Monk began the quest for the Orb.
     0 | D:1      | Reached XP level 1. HP: 14/14 MP: 1/1
    59 | D:1      | Reached skill level 3 in Axes
   244 | D:1      | Reached XP level 2. HP: 19/19 MP: 2/2
   649 | D:1      | Reached XP level 3. HP: 18/23 MP: 3/3
   913 | D:2      | Found a faded altar of an unknown god.
  1104 | D:2      | Reached skill level 4 in Axes
  1526 | D:3      | Noticed a bullfrog
  1706 | D:3      | Killed a bullfrog
  1707 | D:3      | Reached XP level 4. HP: 21/28 MP: 4/4
  1764 | D:3      | Found an iron altar of Okawaru.
  1777 | D:3      | Became a worshipper of Warmaster Okawaru
  1777 | D:3      | Reached * piety under Okawaru
  1777 | D:3      | Reached ** piety under Okawaru
  1811 | D:3      | Reached skill level 5 in Axes
  1831 | D:3      | Reached XP level 5. HP: 21/32 MP: 5/5
  2023 | D:3      | Found an ancient bone altar of Kikubaaqudgha.
  2246 | D:3      | Reached XP level 6. HP: 36/37 MP: 6/6
  2387 | D:3      | Reached skill level 6 in Axes
  2417 | D:3      | Found a glowing golden altar of the Shining One.
  2519 | D:4      | Found a sand-covered staircase.
  2538 | Ossuary  | Entered an ossuary
  3069 | D:4      | Found a stormy altar of Qazlal.
  3221 | D:4      | Noticed Edmund
  3259 | D:4      | Reached skill level 7 in Axes
  3259 | D:4      | Reached XP level 7. HP: 41/41 MP: 7/7
  3402 | D:4      | You fall into a shaft and drop 2 floors!
  3428 | D:5      | Entered Level 5 of the Dungeon
  3494 | D:5      | Reached *** piety under Okawaru
  3621 | D:5      | Found a staircase to the Ecumenical Temple.
  3671 | D:5      | Found a snail-covered altar of Cheibriados.
  3690 | D:5      | Reached skill level 8 in Axes
  3871 | D:5      | Identified the +1 robe "Beyxaq" {rN+}
  3987 | D:5      | Found a sparkling altar of Nemelex Xobeh.
  4255 | D:5      | Found a white marble altar of Elyvilon.
  4710 | D:4      | Reached XP level 8. HP: 37/46 MP: 8/8
  4841 | D:4      | Noticed Natasha
  4847 | D:4      | Killed Natasha
  4992 | D:4      | Found a runed translucent door.
  4993 | D:4      | Noticed Crazy Yiuf
  5075 | D:4      | Noticed Natasha
  5080 | D:4      | Killed Natasha
  5122 | D:4      | Reached skill level 9 in Axes
  5149 | D:4      | Found a basalt altar of Yredelemnul.
  5364 | D:4      | Killed Edmund
  5464 | D:4      | Noticed Natasha
  5467 | D:4      | Killed Natasha
  5803 | D:6      | Found the +5 woodcutter's axe
  5875 | D:6      | Reached **** piety under Okawaru
  5908 | D:6      | Reached skill level 10 in Axes
  5997 | D:6      | Reached skill level 1 in Armour
  6059 | D:6      | Reached skill level 1 in Invocations
  6234 | D:6      | Reached XP level 9. HP: 44/52 MP: 10/10
  6329 | D:7      | Found Ykevip's Book Emporium.
  6349 | D:7      | Reached skill level 5 in Fighting
  6864 | D:8      | Reached ***** piety under Okawaru
  7005 | D:8      | Noticed a two-headed ogre
  7111 | D:8      | Reached skill level 1 in Evocations
  7433 | D:8      | Found a staircase to the Lair.
  7522 | D:8      | Noticed a cyan ugly thing
  7523 | D:8      | Found a transporter.
  7530 | D:8      | Noticed a white ugly thing
  7532 | D:8      | Found a transporter.
  7595 | D:8      | Found a one-way gate to the infinite horrors of the Abyss.
  7688 | D:9      | Reached skill level 5 in Invocations
  7819 | D:9      | Reached XP level 10. HP: 38/59 MP: 12/14
  7822 | D:9      | Reached skill level 11 in Axes
  8188 | D:9      | Identified the +2 robe of Boredom {Regen+ Int+2 SInv}
                  | (Okawaru gifted it to you on level 9 of the Dungeon)
  8188 | D:9      | Received a gift from Okawaru
  8327 | D:9      | Reached skill level 12 in Axes
  8687 | D:10     | Entered Level 10 of the Dungeon
  8890 | D:10     | Reached XP level 11. HP: 49/71 MP: 13/15
  9410 | D:10     | Found a staircase to the Orcish Mines.
  9669 | D:10     | Reached skill level 10 in Fighting
  9796 | D:10     | Identified the +7 battleaxe of the Riding Jester {freeze,
                  | *Corrode Fly rF+ Will+ Str+3} (Okawaru gifted it to you on
                  | level 10 of the Dungeon)
  9796 | D:10     | Received a gift from Okawaru
 10346 | D:11     | Identified a scroll of acquirement
 10347 | D:11     | Acquired a +2 battleaxe of flaming
 10356 | D:11     | Noticed a boulder beetle
 10520 | D:11     | Noticed a two-headed ogre
 10545 | D:11     | Killed a two-headed ogre
 10546 | D:11     | Reached skill level 13 in Axes
 10768 | D:11     | Killed a boulder beetle
 10905 | D:11     | Noticed a green ugly thing
 10910 | D:11     | Killed a green ugly thing
 10961 | D:11     | Received a gift from Okawaru
 11100 | D:11     | Noticed a manticore
 11116 | D:11     | Killed a manticore
 11117 | D:11     | Reached skill level 14 in Axes
 11480 | D:8      | Killed a two-headed ogre
 11481 | D:8      | Reached XP level 12. HP: 61/77 MP: 16/16
 11538 | Lair:1   | Entered Level 1 of the Lair of Beasts
 11538 | Lair:1   | Noticed Erica
 11538 | Lair:1   | Noticed Nergalle
 11552 | D:8      | Killed Nergalle
 11571 | Lair:1   | Killed Erica
 11572 | Lair:1   | Reached skill level 15 in Axes
 11578 | D:8      | Identified the +1 battleaxe of Nisiss {speed, Dex+4}
                  | (Okawaru gifted it to you on level 8 of the Dungeon)
 11578 | D:8      | Received a gift from Okawaru
 11945 | Lair:1   | Found a frozen archway.
 12028 | IceCv    | Entered an ice cave
 12281 | IceCv    | Reached skill level 16 in Axes
 12514 | IceCv    | Identified the +0 pair of gloves of Card Tricks {Fly Will+
                  | Str+3} (Okawaru gifted it to you in an ice cave)
 12514 | IceCv    | Received a gift from Okawaru
 12716 | IceCv    | Mangled by an anaconda simulacrum

Illustrated notes

Levels and vault maps discovered:
D:1:      sevenhm_arrival_forest_fort_large_3, layout_basic
D:2:      layout_loops_ring, shapermc_ecumenical_altar_mp_highgroup
D:3:      layout_loops_ring, mainiacjoe_overflow_surrounded_room,
          marbit_many_paths, kennysheep_okawaru_gauntlet
D:4:      layout_basic, grunt_qazlal_clouds,
          yredelemnul_forgotten_temple_becter, enter_ossuary_4,
          minmay_surrounded, uniq_crazy_yiuf_cottage, uniq_natasha, uniq_edmund
D:5:      layout_basic, kennysheep_mini, cheibrodos_worm_habitat,
          elyvilon_altar_1, lemuel_temple_firewalk_b, serial_bayou_lagoon_a
D:6:      wander_river, layout_gridville
D:7:      layout_rooms, serial_curves, eino_curves_04, eino_curves_02,
          serial_shops, shop
D:8:      layout_cave_pools, erik_lair_orcish_takeover,
          gammafunk_ghost_abyssal_escape
D:9:      layout_roguey
D:10:     layout_loops_ring, david_orc_1_choice, grunt_ministairs_1,
          minivault_16, minivault_11
D:11:     layout_roguey
Lair:1:   layout_gridlike, portal_ice_cave_entry_pillars_2, special_room
          [special_room_bee], hibernation_bobbens, uniq_erica, uniq_nergalle
IceCv:    ice_cave_small_demon

Skill      XL: |  1  2  3  4  5  6  7  8  9 10 11 12 |
---------------+-------------------------------------+-----
Axes           | 3 4 5 7 8 10 12 14 16 | 16.0
Armour         | 2 |  2.0
Invocations    | 2 5 6 |  6.0
Fighting       | 4 5 9 10 | 10.5
Evocations     | 3 |  3.0
Dodging        | |  2.4

Action                     |  1- 3 |  4- 6 |  7- 9 | 10-12 || total
---------------------------+-------+-------+-------+-------++-------
  Melee: Hand axe          |   109 |   217 |   149 |       ||   475
         Battleaxe         |       |       |   165 |   293 ||   458
         War axe           |       |       |       |   200 ||   200
         Punch             |       |       |       |     4 ||     4
 Invoke: Heroism           |       |       |       |     6 ||     6
  Evoke: Wand              |       |       |       |     7 ||     7
    Use: Scroll            |     3 |     2 |     5 |     4 ||    14
         Potion            |     2 |       |     1 |       ||     3
   Stab: Invisible         |       |       |       |     5 ||     5
         Distracted        |       |       |       |     1 ||     1
 Armour: Robe              |    37 |       |       |       ||    37
         Chain mail        |    13 |   120 |   191 |   123 ||   447
         Plate armour      |       |       |       |   149 ||   149
  Dodge: Dodged            |    45 |   116 |   212 |   404 ||   777
